 Dungeon Crawl Stone Soup version 0.30-a0-924-g0ad0bf95bc (webtiles) character file.

Game seed: 9736908368840833618

31 mopl the Chopper (level 3, -1/27 HPs)
             Began as a Formicid Warper on Mar 22, 2023.
             Killed by divine providence
             ... invoked by an orc priest
              (11 damage)
             ... on level 2 of the Dungeon.
             The game lasted 00:00:57 (807 turns).

mopl the Chopper (Formicid Warper)                   Turns: 807, Time: 00:00:57

Health: -1/27      AC:  3    Str: 15    XL:     3   Next: 40%
Magic:  6/6        EV: 11    Int: 14    God:
Gold:   74         SH:  0    Dex: 13    Spells: 6/6 levels left

rFire   . . .      SeeInvis +    a - +0 hand axe
rCold   . . .      Faith    .    (no shield)
rNeg    . . .      Spirit   .    b - +0 leather armour
rPois   .          Reflect  .    (helmet unavailable)
rElec   .          Rampage  .    (no cloak)
rCorr   .                        (no gloves)
Will    .....                    (no boots)
Stlth   +                        (no amulet)
HPRegen 0.24/turn                (no ring)
MPRegen 0.10/turn                (no ring)

@: no status effects
A: permanent stasis, dig shafts and tunnels, antennae 3, four strong arms
a: Dig, Shaft Self


You were on level 2 of the Dungeon.
You visited 1 branch of the dungeon, and saw 2 of its levels.

You collected 74 gold pieces.

Inventory:

Hand Weapons
 a - a +0 hand axe (weapon)
Missiles
 d - 7 boomerangs of dispersal (quivered)
Armour
 b - a +0 leather armour (worn)
Scrolls
 c - a scroll of blinking
 e - a scroll of fear {unknown}
 f - a scroll of identify {unknown}
 h - a scroll of enchant armour {unknown}
Potions
 g - a potion of might {unknown}


   Skills:
 - Level 2.1 Fighting
 + Level 3.6 Axes
 - Level 1.0 Throwing
 - Level 1.1 Armour
 - Level 1.7 Dodging
 - Level 2.1 Spellcasting
 - Level 2.6 Translocations


You had 6 spell levels left.
You didn't know any spells.
Your spell library contained the following spells:

 Spells                   Type           Power      Damage    Failure   Level
 Lesser Beckoning         Tloc           18%        N/A       14%         2
 Teleport Other           Tloc           9%         N/A       28%         3
 Vhi's Electric Charge    Tloc/Air       10%        N/A       45%         3
 Manifold Assault         Tloc           9%         N/A       67%         4
 Summon Ice Beast         Ice/Summ       1%         N/A       96%         4
 Malign Gateway           Summ/Tloc      2%         N/A       100%        7
 Monstrous Menagerie      Summ           0%         N/A       100%        7
 Blink                    Tloc           Unusable   N/A       N/A         2

Dungeon Overview and Level Annotations

Branches:
Dungeon (2/15)

Altars:


Innate Abilities, Weirdness & Mutations

You cannot be hasted, slowed, berserked, paralysed or teleported.
You can dig through walls and to a lower floor.
You have a pair of large antennae on your head. (SInv)
Your four strong arms can wield two-handed weapons with a shield.


Message History

An orc priest comes into view. It is wielding a +0 dagger.
The orc shouts! x2; You hear a shout!
The frilled lizard unfolds its giant frill.
The frilled lizard bites you.
You completely miss the frilled lizard.
An orc comes into view. It is wielding a +0 flail.
An orc comes into view. It is wielding a +0 war axe.
The orc priest looks braver for a moment.
The frilled lizard completely misses you.
The orc shouts!
You miss the frilled lizard.
The frilled lizard bites you but does no damage.
You barely miss the orc. You hit the frilled lizard.
You kill the frilled lizard!
The orc hits you with a +0 mace.
You barely miss the orc. The orc hits you but does no damage.
You barely miss the orc. The orc hits you with a +0 mace.
The orc priest looks braver for a moment.
The orc hits you with a +0 mace. The orc hits you with a +0 hand axe.
You are too injured to fight recklessly!
You are too injured to fight recklessly!
You are too injured to fight recklessly!
You are too injured to fight recklessly!
You are too injured to fight recklessly!
You are too injured to fight recklessly!
You are too injured to fight recklessly!
You are too injured to fight recklessly!
You are too injured to fight recklessly!
You are too injured to fight recklessly!
You are too injured to fight recklessly!
You are too injured to fight recklessly!
You are too injured to fight recklessly!
You are too injured to fight recklessly!
You are too injured to fight recklessly!
Unknown command.
There is an escape hatch in the floor here.
The quokka bites you.
The orc priest mumbles some strange prayers to Beogh against you.
Beogh smites you!
You die...

#####+### #.......#
#.......#
#.......##+###
####.............
.................
......o.o........
......ooo@.#######
......##.r.......#
......#..###.###..####
......#.##.....## ....
... ...#..#.#..#.....
## ##....#.#.#.......
#..#..#.#..#...
#..##..)..## ..
########...###)###..#.


You could see an orc priest, 4 orcs and a quokka.

Vanquished Creatures
  An adder (D:2)
  3 endoplasms (D:1)
  A giant cockroach (D:1)
  4 goblins (D:1)
  4 kobolds
  2 bats (D:1)
  7 frilled lizards
  2 rats
24 creatures vanquished.

Notes
Turn   | Place    | Note
-------+----------+-------------------------------------------
     0 | D:1      | mopl the Formicid Warper began the quest for the Orb.
     0 | D:1      | Reached XP level 1. HP: 16/16 MP: 3/3
   189 | D:1      | Reached XP level 2. HP: 21/22 MP: 5/5
   346 | D:1      | Reached skill level 3 in Axes
   511 | D:1      | Got the Discourse on Freezing and Company
   589 | D:1      | Found a faded altar of an unknown god.
   598 | D:1      | Reached XP level 3. HP: 27/27 MP: 6/6
   706 | D:2      | HP: 1/27 [poisoned by an adder]
   807 | D:2      | Killed from afar by an orc priest

Illustrated notes

Levels and vault maps discovered:
D:1:      eino_arrival_water_cross, layout_rooms,
          shapermc_ecumenical_altar_pompeii, kennysheep_flooded_box
D:2:      layout_basic, hangedman_decor_growths, minmay_strange_pillars,
          minmay_box_of_dots, uniq_robin, uniq_sigmund

Skill      XL: |  1  2 |
---------------+-------+-----
Axes           | 3 |  3.6
Fighting       | |  2.1
Throwing       | |  1.0
Armour         | |  1.1
Dodging        | |  1.7
Spellcasting   | |  2.1
Translocations | |  2.6

Action                     || total
---------------------------++-------
  Melee: Hand axe          ||    94
    Use: Potion            ||     1
 Armour: Leather armour    ||    29
  Dodge: Dodged            ||    58

Table legend: (Time is in decaauts)
 A = Elapsed time spent in this place.
 B = Non-inter-level travel time spent in this place.
 C = Inter-level travel time spent in this place.
 D = Time resting spent in this place.
 E = Time spent auto-exploring this place.
 F = Levels seen in this place.
 G = Mean time per level.
                   A        B        C        D        E       F      G
               +--------+--------+--------+--------+--------+-----+--------+
         Total |    821 |    787 |     34 |    161 |    418 |   2 |  410.5 |
       Dungeon |    821 |    787 |     34 |    161 |    418 |   2 |  410.5 |
               +--------+--------+--------+--------+--------+-----+--------+

Top non-repeatable levels by time:
     D:1: 668 daAuts
     D:2: 152 daAuts
